 Dungeon Crawl Stone Soup version 0.25.1-2-g60ff931df9 (webtiles) character file.

Game seed: 15670906544385822817

238 Curus the Poker (level 5, 0/45 HPs)
             Began as a Minotaur Monk on Oct 25, 2020.
             Killed by divine providence
             ... invoked by an orc priest
              (10 damage)
             ... on level 4 of the Dungeon.
             The game lasted 00:08:18 (2453 turns).

Curus the Poker (Minotaur Monk)                     Turns: 2453, Time: 00:08:19

Health: 0/45       AC:  8    Str: 16    XL:     5   Next: 78%
Magic:  0/4        EV: 13    Int:  7    God:
Gold:   149        SH:  0    Dex: 13    Spells: 4/4 levels left

rFire    . . .     SeeInvis .   a - +0 spear
rCold    . . .     Gourm    .   (no shield)
rNeg     . . .     Faith    .   b - +0 robe
rPois    .         Spirit   +   (helmet restricted)
rElec    .         Reflect  .   f - +1 cloak {Stlth+}
rCorr    .         Harm     .   d - +1 pair of gloves
MR       .....                  j - +1 pair of boots
Stlth    ++........             i - amulet of guardian spirit
HPRegen  0.15/turn              (no ring)
MPRegen  0.09/turn              (no ring)

@: no status effects
A: retaliatory headbutt, horns 2
a: no special abilities


You were on level 4 of the Dungeon.
You were not hungry.

You visited 1 branch of the dungeon, and saw 4 of its levels.

You collected 149 gold pieces.

Inventory:

Hand Weapons
 a - a +0 spear (weapon)
Armour
 b - a +0 robe (worn)
 d - a +1 pair of gloves (worn)
 f - a +1 cloak of stealth (worn)
 j - a +1 pair of boots (worn)
Jewellery
 i - an amulet of guardian spirit (around neck)
Scrolls
 g - 3 scrolls of remove curse
 k - 2 scrolls of teleportation
Potions
 e - a potion of heal wounds
Comestibles
 c - 12 rations


   Skills:
 - Level 3.6 Fighting
 + Level 7.9 Polearms
 - Level 3.2 Dodging
 - Level 1.5 Stealth


You had 4 spell levels left.
You didn't know any spells.
Your spell library was empty.

Dungeon Overview and Level Annotations

Branches:
Dungeon (4/15)
 Temple: D:4-7

Altars:
Nemelex Xobeh
Sif Muna


Innate Abilities, Weirdness & Mutations

You reflexively headbutt those who attack you in melee.
You have a pair of horns on your head.


Message History

The orc wizard is almost dead.
The orc wizard hits you but does no damage.
You hit the orc wizard.
You kill the orc wizard!
Something hits you.
You miss something.
You hear some strange, mumbled words.
A puff of frost appears from out of thin air!
The puff of frost hits you!
You miss something. You headbutt something. Something hits you.
You closely miss something. Your headbutt misses something. You hit something.
Your headbutt misses something. Something barely misses you.
You hit something but do no damage.
You hear some strange, mumbled words.
A puff of frost appears from out of thin air!
The puff of frost hits you!
* * * LOW HITPOINT WARNING * * *
The orc priest invokes the aid of Beogh against you.
Beogh smites you!
You die...

###
#######.#########
#.@.....#.......#
#.#####.#.#####.#
#.# #.#..(.<#.#
#)# #.#######.#
#o# #.........#
#Z###############
#o......###
......#.Z.......
#####.#.........


You could see an orc priest, an orc and a centaur skeleton.

Vanquished Creatures
  A howler monkey (D:3)
  An orc wizard (D:4)
  Crazy Yiuf (D:2)
  Jessica (D:2)
  4 adders
  3 worms
  4 dart slugs
  4 leopard geckos
  3 orcs
  2 ball pythons
  3 giant cockroaches
  2 goblins (D:1)
  8 hobgoblins
  9 bats
  5 frilled lizards
  7 kobolds
  12 rats
70 creatures vanquished.

Notes
Turn   | Place    | Note
-------+----------+-------------------------------------------
     0 | D:1      | Curus the Minotaur Monk began the quest for the Orb.
     0 | D:1      | Reached XP level 1. HP: 19/19 MP: 0/0
    79 | D:1      | Reached skill level 4 in Polearms
    97 | D:1      | Reached XP level 2. HP: 25/26 MP: 1/1
   316 | D:1      | Reached skill level 5 in Polearms
   636 | D:1      | Reached XP level 3. HP: 31/31 MP: 2/2
   876 | D:2      | Noticed Jessica
   880 | D:2      | Killed Jessica
   888 | D:2      | Found a shimmering blue altar of Sif Muna.
   905 | D:2      | Reached XP level 4. HP: 21/39 MP: 3/3
   950 | D:2      | Reached skill level 6 in Polearms
  1054 | D:2      | Found a runed translucent door.
  1055 | D:2      | Noticed Crazy Yiuf
  1759 | D:2      | Killed Crazy Yiuf
  1895 | D:3      | Reached skill level 7 in Polearms
  1895 | D:3      | Reached XP level 5. HP: 45/45 MP: 4/4
  1950 | D:3      | Found a sparkling altar of Nemelex Xobeh.
  2453 | D:4      | Killed from afar by an orc priest

Illustrated notes

Levels and vault maps discovered:
D:1:      minmay_arrival_three_doors, layout_basic, feat_on_display
D:2:      layout_basic, nicolae_overflow_hidden_temple,
          chequers_serial_rivers_marsh, uniq_jessica, uniq_crazy_yiuf_cottage
D:3:      layout_rooms, first_ration, nemelex_lonely_heart_becter
D:4:      layout_basic, nicolae_underground_beach, uniq_blork_the_orc

Skill      XL: |  1  2  3  4 |
---------------+-------------+-----
Polearms       | 4 5 7 |  7.9
Fighting       | |  3.6
Dodging        | |  3.2
Stealth        | |  1.5

Action                   |  1- 3 |  4- 6 || total
-------------------------+-------+-------++-------
Melee: Spear             |    70 |   127 ||   197
       Headbutt          |     9 |    22 ||    31
  Use: Potion            |     3 |     3 ||     6
       Scroll            |     1 |     4 ||     5
 Stab: Sleeping          |     7 |     3 ||    10
       Distracted        |       |     1 ||     1
  Eat: Chunk             |       |     5 ||     5
Armor: Robe              |     5 |    18 ||    23
Dodge: Dodged            |    25 |    47 ||    72
